 Dungeon Crawl Stone Soup version 0.30.1 (webtiles) character file.

Game seed: 6862670012920894737

2060 GeoRichter the Cleaver (level 9, -7/68 HPs)
             Began as a Grey Draconian Warper on July 8, 2023.
             Was a Believer of Makhleb.
             Killed from afar by a steam dragon (17 damage)
             ... with a ball of steam
             ... on level 7 of the Dungeon.
             The game lasted 00:10:45 (6063 turns).

GeoRichter the Cleaver (Grey Draconian Warper)      Turns: 6063, Time: 00:10:45

Health: -7/68      AC: 15    Str: 16    XL:     9   Next: 5%
Magic:  12/12      EV: 17    Int: 16    God:    Makhleb [**....]
Gold:   201        SH:  0    Dex: 10    Spells: 10/12 levels left

rFire   . . .        s - +0 war axe
rCold   . . .        (no shield)
rNeg    . . .        (body armour unavailable)
rPois   .            (helmet restricted)
rElec   .            (no cloak)
rCorr   .            f - +2 pair of gloves
SInv    .            (no boots)
Will    .....        A - amulet of regeneration
Stlth   +            m - +5 ring of evasion
HPRegen 1.11/turn    (no ring)
MPRegen 0.13/turn

%: no passive effects
@: no status effects
A: AC +12, amphibious, unfitting armour, cold-blooded
a: Renounce Religion, Minor Destruction


You were on level 7 of the Dungeon.
You worshipped Makhleb.
Makhleb was pleased with you.
You visited 1 branch of the dungeon, and saw 7 of its levels.

You collected 385 gold pieces.
You spent 184 gold pieces at shops.

Inventory:

Hand Weapons
 a - a +0 hand axe
 s - a +0 war axe (weapon)
   (You found it on level 3 of the Dungeon)
Missiles
 c - 7 boomerangs of dispersal {!f}
Armour
 f - a +2 pair of gloves (worn)
   (You found it on level 1 of the Dungeon)
Jewellery
 d - an amulet of guardian spirit
   (You found it on level 2 of the Dungeon)
 m - a +5 ring of evasion (left hand)
   (You found it on level 2 of the Dungeon)
 A - an amulet of regeneration (around neck)
   (You took it off a gnoll on level 5 of the Dungeon)
Wands
 q - a wand of flame (22)
   (You took it off Ijyb on level 3 of the Dungeon)
 r - a wand of acid (6)
   (You found it on level 3 of the Dungeon)
 u - a wand of roots (19)
   (You took it off Sigmund on level 2 of the Dungeon)
 B - a wand of polymorph (6)
   (You took it off an orc on level 5 of the Dungeon)
Scrolls
 b - a scroll of blinking
 h - a scroll of noise {unknown}
 j - 3 scrolls of fear
 k - 3 scrolls of teleportation {@r4}
 o - 2 scrolls of enchant weapon {unknown}
 t - 2 scrolls of amnesia
 w - a scroll of immolation {unknown}
 x - a scroll of torment {unknown}
 y - 2 scrolls of poison {unknown}
 C - a scroll of silence {unknown}
 E - a scroll of vulnerability {unknown}
 I - a scroll of brand weapon {unknown}
Potions
 e - a potion of magic
 g - 6 potions of curing {@q1}
 i - 2 potions of attraction {unknown}
 l - 4 potions of heal wounds {@q2}
 n - 3 potions of might
 p - 3 potions of brilliance
 v - 2 potions of mutation {unknown}
 z - a potion of berserk rage {unknown}
 D - a potion of degeneration {unknown}
 F - a potion of invisibility {unknown}
 G - a potion of ambrosia {unknown}
 H - a potion of cancellation {unknown}


   Skills:
 + Level 2.9 Fighting
 * Level 11.1 Axes
 - Level 0.8 Throwing
 - Level 2.1 Dodging
 - Level 2.0 Spellcasting
 - Level 3.0 Translocations
 + Level 2.9 Invocations
 - Level 3.0 Evocations


You had 10 spell levels left.
You knew the following spells:

 Your Spells              Type           Power      Damage    Failure   Level
a - Blink                 Tloc           22%        N/A       9%          2

Your spell library contained the following spells:

 Spells                   Type           Power      Damage    Failure   Level
 Lesser Beckoning         Tloc           22%        N/A       9%          2
 Teleport Other           Tloc           11%        N/A       19%         3
 Shock                    Conj/Air       4%         1d3       21%         1
 Static Discharge         Conj/Air       2%         2-3/arc   30%         2
 Vhi's Electric Charge    Tloc/Air       12%        N/A       32%         3
 Volatile Blastmotes      Fire/Tloc      12%        2d11      32%         3
 Swiftness                Air            1%         N/A       52%         3
 Manifold Assault         Tloc           11%        N/A       52%         4
 Iskenderun's Mystic Bla  Conj/Tloc      6%         2d4       73%         4
 Airstrike                Air            0%         2d(1-17)  90%         4
 Fulminant Prism          Conj/Hex       0%         3d5       90%         4
 Summon Lightning Spire   Summ/Air       1%         N/A       90%         4
 Fireball                 Conj/Fire      0%         3d3       99%         5
 Iskenderun's Battlesphe  Conj           1%         2d6       99%         5
 Lee's Rapid Deconstruct  Erth           0%         3d4*      99%         5
 Conjure Ball Lightning   Conj/Air       0%         3x3d6     100%        6
 Orb of Destruction       Conj           0%         9d5       100%        7


Dungeon Overview and Level Annotations

Branches:
Dungeon (7/15) Zot: 26694  Temple (0/1) D:5

Altars:
Makhleb

Shops:
D:3 *   D:5 !


Innate Abilities, Weirdness & Mutations

Your dull iron-grey scales are very hard. (AC +12)
You are amphibious.
You cannot fit into any form of body armour.
You are cold-blooded and may be slowed by cold attacks.


Message History

No target in view!
No target in view!
You open the door.
A black bear and a centaur come into view.
The black bear growls angrily.
A steam dragon comes into view. x2
There are monsters nearby!
There are monsters nearby!
You closely miss the steam dragon. The steam dragon misses you.
The steam dragon closely misses you.
The steam dragon hisses angrily.
You hit the steam dragon but do no damage.
The steam dragon bites you. The steam dragon barely misses you.
You hit the steam dragon but do no damage.
The steam dragon misses you. The steam dragon barely misses you.
You hit the steam dragon but do no damage.
You hit the black bear but do no damage.
You barely miss the steam dragon. The steam dragon barely misses you.
The steam dragon claws you but does no damage.
The black bear closely misses you. The black bear misses you.
The black bear barely misses you.
You hit the black bear.
The black bear is lightly wounded.
You completely miss the steam dragon. You slash the black bear!
The black bear is severely wounded.
You hit the steam dragon. The steam dragon breathes steam at you.
The ball of steam hits you!! The black bear closely misses you.
The black bear claws you but does no damage.
The black bear claws you.
You hit the steam dragon.
The steam dragon is moderately wounded.
The steam dragon barely misses you. x2
You completely miss the steam dragon.
Your tail-slap misses the steam dragon.
The steam dragon is moderately wounded.
The steam dragon bites you.
The steam dragon claws you but does no damage.
You slash the steam dragon!
Your tail-slap misses the steam dragon.
The steam dragon is severely wounded.
The steam dragon breathes steam at you. The ball of steam hits you!
The centaur wields a +0 heavy shortbow.
The centaur shoots an arrow.
The arrow hits you!
* * * LOW HITPOINT WARNING * * *
You hear a shout! x2
You are engulfed in a cloud of scalding steam.
* * * LOW HITPOINT WARNING * * *
The steam dragon breathes steam at you. The ball of steam hits you!
You die...

###############
#...#..........
+...Dc...##..#
#§##.....#.
######D§§§.##...
.......§@§.......
#########§§######
#.## #.#
#.#########
#....#....#######
#.##.#.>......#..
#.##.#..#.###...#
#.#..#....#####..


You could see a steam dragon (catching breath).

Vanquished Creatures
  Pikel (D:4)
  Sigmund (D:2)
  An acid dragon (D:6)
  2 ice beasts (D:7)
  3 lemures
  A phantom (D:5)
  3 bullfrogs (D:7)
  4 wights (D:5)
  A hound (D:5)
  3 jellies
  2 gnoll boudas (D:5)
  An orc priest (D:6)
  A sleepcap (D:5)
  Ijyb (D:3)
  5 iguanas
  9 gnolls (D:5)
  11 adders
  A white imp (D:6)
  5 dart slugs
  A worm (D:4)
  11 orcs
  5 ball pythons
  6 endoplasms
  2 giant cockroaches (D:1)
  6 hobgoblins
  4 quokkas
  6 bats
  3 frilled lizards (D:2)
  11 goblins
  8 kobolds
  9 rats
128 creatures vanquished.

Notes
Turn   | Place    | Note
-------+----------+-------------------------------------------
     0 | D:1      | GeoRichter the Draconian Warper began the quest for the
                  | Orb.
     0 | D:1      | Reached XP level 1. HP: 17/17 MP: 3/3
   219 | D:1      | Reached XP level 2. HP: 24/24 MP: 5/5
   377 | D:1      | Reached skill level 3 in Axes
   989 | D:2      | Reached XP level 3. HP: 28/29 MP: 6/6
  1121 | D:2      | Found a burning altar of Makhleb.
  1134 | D:2      | Became a worshipper of Makhleb the Destroyer
  1208 | D:2      | Reached skill level 4 in Axes
  1288 | D:2      | Noticed Sigmund
  1420 | D:2      | Reached XP level 4. HP: 36/36 MP: 7/7
  1423 | D:2      | Learned a level 2 spell: Blink
  1928 | D:3      | You fall into a shaft and drop 1 floor!
  2134 | D:3      | Found Edanoadeda's Assorted Antiques.
  2156 | D:3      | Bought a scroll of identify for 44 gold pieces
  2287 | D:3      | Noticed Ijyb
  2321 | D:3      | Killed Ijyb
  2322 | D:3      | Reached skill level 5 in Axes
  2896 | D:4      | Reached XP level 5. HP: 38/41 MP: 5/8
  2947 | D:4      | Reached * piety under Makhleb
  2972 | D:4      | Identified the staff of earth "Bureq" {rC+ SInv Stlth+}
  3369 | D:4      | Noticed a lemure
  3388 | D:4      | Killed a lemure
  3407 | D:4      | Noticed a lemure
  3438 | D:4      | Killed a lemure
  3473 | D:4      | Noticed a lemure
  3474 | D:4      | Noticed Pikel
  3489 | D:3      | Killed a lemure
  3593 | D:2      | Killed Sigmund
  3594 | D:2      | Reached skill level 6 in Axes
  3594 | D:2      | Reached XP level 6. HP: 36/48 MP: 6/9
  3845 | D:4      | Killed Pikel
  3846 | D:4      | Reached skill level 8 in Axes
  3846 | D:4      | Your scales start taking on a dull iron-grey colour.
  3846 | D:4      | Reached XP level 7. HP: 55/55 MP: 10/10
  3871 | D:5      | Entered Level 5 of the Dungeon
  3893 | D:5      | Reached skill level 9 in Axes
  4029 | D:5      | Reached skill level 1 in Invocations
  4212 | D:5      | Reached XP level 8. HP: 61/61 MP: 11/11
  4266 | D:5      | Found a staircase to the Ecumenical Temple.
  4582 | D:5      | Reached skill level 1 in Evocations
  4595 | D:5      | Reached ** piety under Makhleb
  4610 | D:5      | Reached skill level 10 in Axes
  4830 | D:5      | Found Higg's Distillery.
  4838 | D:5      | Bought 2 potions of heal wounds for 140 gold pieces
  6040 | D:7      | Reached skill level 11 in Axes
  6040 | D:7      | Reached XP level 9. HP: 68/68 MP: 12/12
  6063 | D:7      | Killed from afar by a steam dragon

Illustrated notes

Levels and vault maps discovered:
D:1:      evilmike_arrival_hilbert_curve, layout_basic, nrook_uturn
D:2:      layout_loops_ring, basic_altar, minmay_3d_cube, uniq_sigmund
D:3:      layout_loops_ring, serial_rivers, chequers_serial_rivers_marsh,
          chequers_serial_rivers_micro_b, chequers_serial_rivers_micro_c,
          chequers_serial_rivers_small_a, chequers_serial_rivers_micro_b,
          chequers_serial_rivers_large_b, serial_shops, shop, uniq_ijyb
D:4:      layout_loops_ring, nicolae_eternal_life, uniq_pikel
D:5:      layout_basic, minmay_temple_entry_wispy, serial_shops, shop,
          minmay_misc_feat_roman
D:6:      layout_basic, kennysheep_generic_room_4
D:7:      minmay_thinvault, layout_basic

Skill      XL: |  1  2  3  4  5  6  7  8 |
---------------+-------------------------+-----
Axes           | 3 4 5 6 8 9 11 | 11.1
Invocations    | 1 2 |  2.9
Evocations     | 3 |  3.0
Fighting       | |  2.9
Throwing       | |  0.8
Dodging        | |  2.1
Spellcasting   | |  2.0
Translocations | |  3.0

Action                     |  1- 3 |  4- 6 |  7- 9 || total
---------------------------+-------+-------+-------++-------
  Melee: Hand axe          |   157 |    93 |       ||   250
         Tailslap          |    15 |    23 |    39 ||    77
         Punch             |     1 |     2 |     3 ||     6
         War axe           |       |    96 |   249 ||   345
 Invoke: Minor Destruction |       |       |    10 ||    10
  Evoke: Wand              |       |     4 |     5 ||     9
    Use: Scroll            |     3 |     7 |       ||    10
   Stab: Sleeping          |     2 |     1 |       ||     3
 Armour: Skin              |    58 |    40 |    68 ||   166
  Dodge: Dodged            |   113 |   152 |   201 ||   466
